[Event "Polish Youth B18 Championship 2023"]
[Site "Jastrzebia Gora"]
[Date "2023.03.12"]
[Round "1.1"]
[White "Stachecki, Mikolaj"]
[Black "Turski, Bartlomiej"]
[Result "0-1"]
[ECO "A04"]
[WhiteElo "2015"]
[BlackElo "2352"]
[Annotator "TA"]
[PlyCount "88"]
[EventDate "2023.03.11"]
[EventType "swiss"]
[EventCountry "POL"]
[SourceTitle "playchess.com"]
[Source "ChessBase"]
[SourceQuality "1"]
[TimeControl "40/5400+30:1800+30"]

1. Nf3 c5 2. c4 Nf6 3. Nc3 e6 4. e3 b6 5. b3 Bb7 6. Bb2 Be7 7. Be2 O-O 8. O-O a6 {[%emt 0:00:54] A30: Symmetrical English: Double Fianchetto and Hedgehog.} 9. d4 cxd4 10. Nxd4 Qc7 {[%emt 0:05:47] White has an edge.} 11. Rc1 {[%emt 0:12:08] [#]} Re8 $146 ({Predecessor:} 11... d6 12. Bd3 Nbd7 13. Bb1 Rac8 14. Qe1 Qb8 15. f4 Rfe8 16. Qg3 Bf8 17. a4 Qa8 {0-1 Gunina,V (2531)-Goryachkina,A (2474) RUS-ch (Women) 65th 2015 (1)}) 12. Bf3 Bf8 13. Bxb7 Qxb7 14. Qf3 Qxf3 15. Nxf3 Nc6 16. Rfd1 Reb8 17. Ne2 Rb7 18. Ne5 Nxe5 19. Bxe5 b5 20. Rd2 Ne4 21. Rd4 f5 22. f3 d6 23. Bg3 Nxg3 24. Nxg3 (24. hxg3 $11 {keeps the balance.} Rc8 25. g4) 24... Rc8 $17 25. Re1 (25. Ne2 $142) 25... bxc4 26. Rxc4 Rxc4 27. bxc4 {[%emt 0:00:04][%mdl 4096] Endgame KRB-KRN} Rb4 28. e4 fxe4 29. Rxe4 Kf7 30. Ne2 {[%emt 0:00:34] [#]} (30. Rf4+ $17 Ke7 31. Re4) 30... Rb1+ $2 (30... d5 $1 $19 31. Rf4+ Kg8) 31. Kf2 Rb2 32. a3 Ra2 33. Rf4+ Ke8 {[%emt 0:00:57] Black is more active.} 34. Re4 Kf7 35. Rf4+ $1 Ke7 36. c5 d5 (36... Rxa3 $2 37. cxd6+ Ke8 38. d7+ Kxd7 39. Rxf8 $18) 37. Ra4 $1 Kd7 38. Ra5 Rc2 39. Rxa6 $2 (39. Ke3 $11) 39... Bxc5+ $19 ({Inferior is} 39... Rxc5 40. Nd4 $11) 40. Ke1 Be3 {[%emt 0:00:00] [#] White must now prevent ...d4.} 41. Ra4 e5 {[%emt 0:06:01] Hoping for ...d4.} 42. f4 $2 (42. Ra5 Kc6 43. a4) 42... d4 {[%emt 0:04:45][%cal Bd5d4,Bd4d3][%mdl 32] ( -> ...d3). Black is clearly winning.} 43. fxe5 (43. Ra5 $142 Ra2 44. Kd1 exf4 45. Nxd4 Rd2+ 46. Ke1 Rxd4 47. Ra7+ Ke6 48. Rxg7) 43... d3 44. e6+ Ke7 {Weighted Error Value: White=0.59/Black=0.13 (very precise)} ({Weaker is} 44... Kxe6 45. Re4+ Kd6 46. Rxe3 $14) 0-1

[Event "Polish Youth B18 Championship 2023"]
[Site "Jastrzebia Gora"]
[Date "2023.03.12"]
[Round "1.2"]
[White "Karolczuk, Iwo"]
[Black "Syrkiewicz, Michal"]
[Result "1-0"]
[ECO "B42"]
[WhiteElo "2346"]
[BlackElo "2000"]
[Annotator "TA"]
[PlyCount "67"]
[EventDate "2023.03.11"]
[EventType "swiss"]
[EventCountry "POL"]
[SourceTitle "playchess.com"]
[Source "ChessBase"]
[SourceQuality "1"]
[TimeControl "40/5400+30:1800+30"]

1. e4 c5 2. Nf3 e6 3. d4 cxd4 4. Nxd4 a6 5. Bd3 Nc6 6. Nxc6 dxc6 {[%emt 0:00:10] 6...dxc6 scores better than 6...bxc6.} 7. Nd2 Qc7 8. Nc4 {[%emt 0:04:29] B42: Sicilian: Kan Variation: 5 Bd3.} b5 9. Ne3 Nf6 10. a4 {[%emt 0:08:28] Black has an edge.} Rb8 11. O-O e5 12. axb5 axb5 13. Qf3 Bc5 {[%emt 0:06:51] [#]} 14. h3 $146 ({Predecessor:} 14. Nf5 Bxf5 15. exf5 O-O 16. Bg5 Be7 17. Bxf6 Bxf6 18. Be4 c5 19. g3 Rfd8 20. Rfd1 Rd4 21. c3 {½-½ Donoso Velasco,P-Najdorf,M Match/Nation CHI-ARG 1971 (2)}) 14... O-O 15. g4 h6 16. Ng2 Nh7 17. Qg3 Be6 18. Kh1 g5 (18... Ra8 $142 19. Be3 Bxe3 20. Nxe3 Rfd8) 19. Ne3 $11 Ra8 20. Rxa8 Rxa8 21. Nf5 Bxf5 22. gxf5 Kf8 23. h4 f6 24. Be2 Qf7 {[%emt 0:05:34] [#]} (24... Ra4 $16) 25. Qc3 $1 $18 Qe7 {[%emt 0:02:36] [#]} 26. b4 $1 Bxb4 27. Qxc6 {[%emt 0:00:09] Black is weak on the light squares} Ra7 (27... Qe8 {keeps fighting.} 28. Qb7 (28. Qxb5 Qxb5 29. Bxb5 Ke7 $16) (28. Bxb5 Qxc6 29. Bxc6 Ra2 $16) 28... Be7) 28. Qxb5 {[%emt 0:02:00] Be3 is the strong threat.} ({Resist} 28. Bxb5 $6 Rc7 29. Qd5 Qf7) 28... Rc7 (28... Kg7 $142 29. hxg5 Nxg5) 29. Rd1 {[%emt 0:04:02] Qb8+ would be deadly.} Qc5 $2 (29... Kg7 30. Be3 Nf8) 30. Rd8+ Kg7 31. Qb8 {[%emt 0:01:27] White wants to mate with Rg8+.} ({Less strong is} 31. Qe8 Nf8 32. Be3 Qxc2 $14) 31... Nf8 {[%emt 0:00:17] [#]} 32. Rxf8 $1 {[%emt 0:01:44][%mdl 576] Deflection} Qxf2 (32... Qxf8 33. Qxc7+) 33. Rg8+ Kf7 34. Qe8# {[%emt 0:00:36] Excellently played by Karolczuk!   Weighted Error Value: White=0.12 (very precise) /Black=0.54} 1-0

[Event "Polish Youth B18 Championship 2023"]
[Site "Jastrzebia Gora"]
[Date "2023.03.12"]
[Round "1.3"]
[White "Kitewski, Bartosz"]
[Black "Luczak, Filip"]
[Result "1/2-1/2"]
[ECO "A10"]
[WhiteElo "1968"]
[BlackElo "2345"]
[Annotator "TA"]
[PlyCount "63"]
[EventDate "2023.03.11"]
[EventType "swiss"]
[EventCountry "POL"]
[SourceTitle "playchess.com"]
[Source "ChessBase"]
[SourceQuality "1"]
[TimeControl "40/5400+30:1800+30"]

1. c4 g6 2. Nc3 Bg7 3. g3 d6 4. Bg2 Nc6 5. e4 e5 6. Nge2 f5 7. d3 Nf6 8. O-O O-O 9. exf5 {[%emt 0:04:56] A26: English Opening vs King's Indian with ...Nc6 and d3.} Bxf5 10. d4 Qd7 11. d5 {[%emt 0:06:17] [#] The position is equal.} Nd8 $146 ({Predecessor:} 11... Ne7 12. Bg5 Rf7 13. Qd2 Raf8 14. Rad1 h5 15. h4 Nh7 16. f3 Nxg5 17. hxg5 Bh3 {½-½ Ptacnikova,L (2239)-Browne,W (2444) Reykjavik op 2014 (9)}) 12. f3 {[%emt 0:03:46] g4 is the strong threat.} h5 13. Be3 Nf7 14. Qd2 Kh7 15. Ne4 Bxe4 16. fxe4 Ng4 17. Bh3 Bh6 18. Bxh6 Nfxh6 19. Nc3 Qe7 20. Rae1 Kg7 21. Nd1 b6 22. Bxg4 Nxg4 23. Nf2 Nxf2 24. Rxf2 Rxf2 25. Qxf2 $11 {[%emt 0:00:20][%mdl 4096] Endgame KQR-KQR} Rf8 26. Qe2 Qg5 27. Rf1 Rxf1+ 28. Kxf1 Qc1+ 29. Kg2 a5 30. b3 Qb1 31. h4 Kf7 32. Qf1+ {[%emt 0:00:56] Weighted Error Value: White=0.04 (flawless) /Black=0.04 (flawless)} 1/2-1/2

[Event "Polish Youth B18 Championship 2023"]
[Site "Jastrzebia Gora"]
[Date "2023.03.12"]
[Round "1.4"]
[White "Dzida, Kamil"]
[Black "Jedraszek, Pawel"]
[Result "1-0"]
[ECO "C47"]
[WhiteElo "2333"]
[BlackElo "1944"]
[Annotator "TA"]
[PlyCount "115"]
[EventDate "2023.03.11"]
[EventType "swiss"]
[EventCountry "POL"]
[SourceTitle "playchess.com"]
[Source "ChessBase"]
[SourceQuality "1"]
[TimeControl "40/5400+30:1800+30"]

1. e4 e5 2. Nf3 Nc6 3. Nc3 Nf6 4. a4 Bb4 5. Nd5 {[%emt 0:04:47] [#]} Nxe4 $146 ({Predecessor:} 5... Nxd5 6. exd5 e4 7. dxc6 exf3 8. Qxf3 dxc6 9. c3 Bd6 10. d4 O-O 11. Be3 Re8 {0-1 Kravtsiv,M (2598)-Andreikin,D (2729) Titled Tuesday intern op 30th Aug Early blitz 2022 (7)}) 6. Qe2 {[%emt 0:17:24] C47: Scotch Four Knights and Four Knights with 4 g3.} Nf6 7. Nxb4 (7. Nxe5 O-O 8. Nxc6 dxc6 $17) 7... Nxb4 8. Qxe5+ {[%emt 0:00:35] The position is equal.} Qe7 9. Qxe7+ $1 Kxe7 10. Nd4 d6 11. d3 (11. b3 $142 $1) 11... Re8 12. Bd2 Nc6 13. Nxc6+ bxc6 14. O-O-O c5 15. Ba5 Nd5 16. d4 cxd4 17. Bb5 Bd7 18. Rxd4 Bxb5 19. axb5 (19. Rxd5 Bc6 20. Rd2 Rac8 $11) 19... Nb6 20. Bc3 {[%emt 0:00:18] White is more active.} (20. Kd2 $16) 20... f6 21. Kd2 a6 (21... Kf7 $11) 22. Re1+ $16 Kf7 23. Rxe8 Kxe8 {[%emt 0:00:51][%mdl 4096] Endgame KRB-KRN} 24. Ba5 Kd7 25. Bxb6 cxb6 {[%emt 0:00:02] KR-KR} 26. Rg4 g6 27. Rf4 f5 28. Rh4 h5 29. Ra4 $1 a5 30. Rc4 $1 g5 31. Rc6 Rb8 32. g3 h4 (32... g4 $14) 33. gxh4 gxh4 34. h3 Ke6 35. Ke3 Ke5 36. c3 (36. f4+ $16 Kd5 37. c4+ Ke6 38. Kd4) 36... Rb7 ({Better is} 36... f4+ $14 37. Kf3 a4) 37. f4+ Kd5 38. c4+ Ke6 39. Kd4 Rb8 40. Rc7 $1 {[%emt 0:00:00] Rg7 would be deadly.} Rg8 {[%emt 0:00:00] Against Rg7} 41. Rb7 $1 Rg2 42. Rxb6 {[%emt 0:00:26] Threatens to win with c5.} Rxb2 43. c5 $1 Rb4+ 44. Kd3 (44. Kc3 $16 Ke7 45. Rb7+ (45. Rxd6 Rxb5 46. Kd4 Rb3 $11) 45... Kd8 46. cxd6 Rxf4 47. Ra7) 44... Ke7 $11 (44... Rxf4 $2 45. Rxd6+ Ke7 46. Ra6 $18) (44... Kd5 45. c6 Rd4+ 46. Kc2 $18) 45. c6 {[%emt 0:00:46] Black must now prevent c7.} Kd8 46. Rb7 Kc8 $1 47. Kc3 d5 48. Rd7 Rxb5 49. Kd4 {[%emt 0:00:11][%cal Od4e5] Strongly threatening Ke5!} Rb1 (49... Rb4+ $11 50. Ke5 d4) 50. Kc5 (50. Kxd5 Rd1+ 51. Kc5 Rxd7 52. cxd7+ Kxd7 53. Kc4 Ke6 54. Kc5 a4 55. Kd4 a3 56. Kc3 Kd5 57. Kb3 Ke4 58. Kxa3 Kxf4 59. Kb2 Kg3 60. Kc3 Kxh3 61. Kd3 Kg3 62. Kd4 h3 63. Ke5 f4 64. Kf5 f3 65. Kf6 f2 66. Kf7 f1=Q+ 67. Ke7 h2 68. Ke6 h1=Q 69. Ke5 Qf4+ 70. Ke6 Qc6+ 71. Ke7 Qff6#) ({White should try} 50. Ra7 $16) 50... Kb8 $2 {[%emt 0:03:46][%mdl 8192] This move loses the game for Black.} (50... d4 $11) 51. Rg7 (51. Kxd5 Rb3 $11) (51. Kd6 $142 Rb6 52. Rd8+ (52. Kxd5 Rb3 $11) 52... Ka7 53. Kc5 Rb3 54. c7 (54. Rxd5 Rc3+ 55. Kd4 Rxh3 $11) 54... Rc3+ 55. Kd6 (55. Kxd5 Rxc7 56. Rf8 Kb6 $17) 55... Kb7 56. Rb8+ (56. Kxd5 Kxc7 57. Ra8 Kb6 $17) 56... Ka7 57. c8=Q (57. c8=N+ $2 Kxb8 58. Ne7 a4 $19)) 51... d4 {[%emt 0:01:02] [#]} 52. Kd6 $1 ({Not} 52. Kxd4 a4 $11) 52... Rc1 {[%emt 0:01:20] [#]} 53. Rb7+ $1 Ka8 $2 (53... Kc8 54. Ra7 Kb8 55. Rxa5 d3 56. Rb5+ (56. Rxf5 $2 {loses.} d2 $19) 56... Ka7) 54. Rb2 $18 {[%emt 0:01:05] Kd7 would kill now.} ({Weaker is} 54. Rb5 Ka7 $16) 54... a4 55. Rb4 {[%emt 0:02:49][%csl LRa4,LRd4] White mates.} d3 56. Kc7 Rxc6+ 57. Kxc6 d2 58. Rxa4+ {[%emt 0:00:06] Weighted Error Value: White=0.22 (precise) /Black=0.44} 1-0

[Event "Polish Youth B18 Championship 2023"]
[Site "Jastrzebia Gora"]
[Date "2023.03.12"]
[Round "1.5"]
[White "Pisarek, Jan"]
[Black "Czernek, Tymon"]
[Result "1/2-1/2"]
[ECO "B50"]
[WhiteElo "1931"]
[BlackElo "2314"]
[Annotator "TA"]
[PlyCount "202"]
[EventDate "2023.03.11"]
[EventType "swiss"]
[EventCountry "POL"]
[SourceTitle "playchess.com"]
[Source "ChessBase"]
[SourceQuality "1"]
[TimeControl "40/5400+30:1800+30"]

1. e4 c5 2. Nf3 d6 3. c3 Nf6 4. Be2 g6 5. O-O Bg7 6. d3 O-O 7. Be3 Nc6 8. Nbd2 e5 9. d4 cxd4 10. cxd4 exd4 11. Nxd4 Qe7 12. Nxc6 bxc6 13. Qc2 Re8 14. Rad1 Bb7 15. Bf3 d5 16. exd5 cxd5 17. Nb3 Rac8 18. Qd3 Ne4 19. Bd4 Bxd4 20. Nxd4 Qf6 {[%emt 0:02:49] [#] aiming for ...Ba6.} 21. Rfe1 Ba6 22. Qb1 Nc5 {[%emt 0:04:13] And now ...Rxe1+ would win.} (22... Nxf2 {looks sharper.} 23. Rxe8+ Rxe8 24. Kxf2 Re4) 23. Rxe8+ (23. Bxd5 $2 Rxe1+ 24. Rxe1 Qxd4 $19) 23... Rxe8 24. h3 (24. Bxd5 $2 Bd3 25. Qa1 Qxd4 $19) 24... Ne4 25. Qc2 Rc8 26. Qb3 Bc4 27. Qb7 Re8 (27... Qa6 $1 $11 28. Qxa6 Bxa6) 28. Qxa7 $16 Kg7 29. Qa5 Ng5 30. b3 (30. Bxd5 $2 Re5 31. Qc3 (31. Nc6 $2 Nxh3+ {[%mdl 64] Clearance} 32. gxh3 Qg5+ 33. Kh2 Bxd5 $19) 31... Bxd5 $19) 30... Nxf3+ {[%emt 0:01:35][%mdl 64] [#] Remove Defender} 31. Nxf3 Be2 32. Re1 {[%emt 0:01:08] Hoping for Qd2.} ({Don't play} 32. Rxd5 Bxf3 33. gxf3 Qxf3 $11) 32... d4 33. Nd2 d3 34. Nc4 Qf4 35. Qc3+ Kg8 36. a4 (36. Rc1 $16) 36... Rc8 $1 $11 37. a5 (37. g3 $5 Qf5 38. h4 $14) 37... Rxc4 $1 38. bxc4 {[%emt 0:00:28][%mdl 4096] Endgame KQR-KQB} ({But not} 38. Qxc4 Qxc4 39. bxc4 d2 $19) 38... d2 39. Ra1 (39. a6 $11 dxe1=N 40. Qxe1 Bxc4 41. a7) 39... d1=Q+ (39... d1=B $2 40. a6 Qxc4 41. Qf6 $18) ({Much weaker is} 39... d1=R+ $6 40. Rxd1 Bxd1 41. Qa1 $11) ({Black should try} 39... Qd6 $17 40. Qb3 Qd4 41. Qb8+ Kg7) 40. Rxd1 Bxd1 41. a6 Ba4 $1 42. a7 Bc6 {[%emt 0:00:08] Threatens to win with ...Qg5.} 43. f3 (43. Qb2 $11 Qe4 44. Qb8+ Kg7 45. f3 Qxc4 46. a8=Q Bxa8 47. Qxa8) 43... h5 44. Qa5 Qe3+ 45. Kh2 Qe8 46. Qc7 Qa8 47. Qb8+ Kg7 48. h4 Qb7 49. Qe5+ Kh7 50. Qb8 (50. Qd6 $1 $11) 50... Qa6 (50... Qe7 $17) 51. Kg1 (51. Kg3 $11 {remains equal.}) 51... Qxc4 $17 52. a8=Q Qd4+ 53. Kf1 {[%emt 0:00:34] White wants to mate with Qg8+.} Bxa8 54. Qxa8 Qxh4 {[%emt 0:00:04] KQ-KQ} 55. Qf8 Qf4 56. Kg1 h4 ({Better is} 56... Qc1+ $17 57. Kf2 Qd2+ 58. Kg3 Qg5+ 59. Kh2 Qh4+ 60. Kg1 Qe1+ 61. Kh2 Qe5+ 62. Kh3 Qf4) 57. Qc8 $11 Kg7 58. Qc3+ Qf6 59. Qc8 g5 60. Kh1 Kg6 61. Qc2+ Kh6 62. Qc8 Qa1+ 63. Kh2 Qe5+ 64. Kh1 Kg6 65. Kg1 Qe1+ 66. Kh2 Qe6 67. Qc2+ Kf6 68. Kg1 Qe1+ 69. Kh2 Qg3+ 70. Kh1 h3 (70... Qe5 $17 71. Qc6+ Kg7) 71. Qc6+ Kg7 72. gxh3 Qxh3+ 73. Kg1 Qg3+ 74. Kf1 Qf4 75. Kg2 g4 76. fxg4 Qxg4+ 77. Kf2 Qh4+ 78. Ke2 Qg3 79. Qb7 Qf4 80. Qg2+ Kf6 {[%emt 0:00:29] ...Qc4+ is the strong threat.} 81. Qg8 Ke7 82. Qa8 Kf6 83. Qg8 Qe4+ 84. Kf2 Ke7 85. Qb8 Qd4+ 86. Kf1 Qd6 87. Qg8 Qe5 88. Kf2 (88. Qg4 $11) 88... f6 ({Black should play} 88... Qf4+ $17 89. Ke2 Qe5+ 90. Kf3 Qd5+ 91. Kf4 Qd6+ 92. Ke3 Qe5+ 93. Kf2 Qf6+ 94. Kg3 Qd6+ 95. Kg4 Qe6+ 96. Kf4 Qf6+ 97. Ke4 Qh4+ 98. Ke3 Qh6+ 99. Ke4 Qe6+ 100. Kf3 Qd5+ 101. Kf2 Qf5+ 102. Kg3 Qe5+ 103. Kf3 Qc3+ 104. Ke4 Qc6+ 105. Kf4 Qf6+ 106. Ke3 Qe6+ 107. Kf2 Qf5+ 108. Ke1 Qe6+ 109. Kf2 Qf5+) 89. Qc8 {[%emt 0:00:34] The position is equal.} Kf7 90. Qd7+ Kg6 91. Qg4+ Kh6 92. Qh4+ Kg7 93. Qg4+ Kf8 94. Qc8+ Ke7 95. Kf3 f5 96. Qb7+ Kf6 97. Qc6+ Kg5 98. Qc1+ f4 99. Qg1+ Kf6 100. Qb6+ Kf5 101. Qb1+ Kg5 {Weighted Error Value: White=0.16 (very precise) /Black=0.18 (very precise)} 1/2-1/2

[Event "Polish Youth B18 Championship 2023"]
[Site "Jastrzebia Gora"]
[Date "2023.03.12"]
[Round "1.6"]
[White "Zdybel, Przemyslaw"]
[Black "Karut, Kacper"]
[Result "1-0"]
[ECO "B67"]
[WhiteElo "2268"]
[BlackElo "1904"]
[Annotator "TA"]
[PlyCount "169"]
[EventDate "2023.03.11"]
[EventType "swiss"]
[EventCountry "POL"]
[SourceTitle "playchess.com"]
[Source "ChessBase"]
[SourceQuality "1"]
[TimeControl "40/5400+30:1800+30"]

1. e4 c5 2. Nc3 Nc6 3. Nge2 d6 4. d4 cxd4 5. Nxd4 Nf6 6. Bg5 e6 7. Qd2 a6 8. O-O-O Bd7 9. f4 b5 10. Bxf6 gxf6 11. Kb1 b4 {[%emt 0:02:28] White must now prevent ...Nxd4. B67: Sicilian: Richter-Rauzer: 7...a6 8 0-0-0 Bd7, lines without 9 f4 Be7.} 12. Nce2 {[%emt 0:00:13] White is more active.} Qb6 13. f5 e5 {[%emt 0:00:06] White is slightly better.} 14. Nxc6 Bxc6 15. Ng3 h5 {[%emt 0:00:28] 15...h5 scores better than 15...Qc5.} 16. h4 Bh6 17. Qxd6 Rd8 18. Qxd8+ Qxd8 19. Rxd8+ Kxd8 20. Bxa6 (20. Nxh5 $16 Ke7 21. Bd3 (21. Bxa6 Bxe4 22. Rd1 Bxf5 $11)) 20... Rg8 $11 21. Rh3 (21. Nxh5 Ke7 $11) 21... Bf4 (21... Ke7 $11 {remains equal.}) 22. Nxh5 $16 Rxg2 {[%emt 0:01:34] ( -> ...Rg1+)} 23. Rh1 {[%emt 0:00:32] Repels Rg1+} (23. Nxf6 $2 Rg1+) (23. Rd3+ $6 Ke7 24. a4 Bxe4 25. Nxf4 exf4 $11) 23... Bxe4 24. Bd3 Bc6 25. Nxf4 (25. Nxf6 Ke7 26. Be4 Bxe4 27. Nxe4 Re2 $14) 25... Rg4 {[%emt 0:00:50] [#]} 26. Rf1 $146 (26. Rd1 $16 {Threatens to win with Be2+.} Rxf4 27. Be4+ Kc7 28. Bxc6 Kxc6 29. Rh1 (29. h5 Rh4 $17)) ({Predecessor:} 26. Rd1 Rxf4 27. Bb5+ Kc7 28. Bxc6 Kxc6 29. Rh1 Rxf5 30. h5 e4 31. Kc1 Ra5 32. Kd2 Rxa2 {½-½ Mueller,G (2576)-Dosi,A (2551) EU-chT9 fin email 2014 [7]}) 26... exf4 $11 {[%emt 0:05:18][%mdl 4096] Endgame KRB-KRB} 27. h5 f3 (27... Rh4 $11) 28. Kc1 $14 Rh4 {[%emt 0:07:29] Dodges Rh1} 29. Kd2 Rxh5 30. Ke3 Rh4 31. Ra1 Kc7 32. a3 bxa3 33. Rxa3 Rb4 34. Ra7+ Bb7 35. b3 {[%emt 0:03:07] aiming for Ba6.} Kb6 {[%emt 0:00:44] Repels Ba6} 36. Ra1 Rh4 37. Rg1 Kc5 (37... Bd5 $142) 38. Rg7 Bd5 39. Rg8 Rh2 {[%emt 0:04:02] White leaves nothing to chance now.} (39... Rb4 $14) 40. Rg4 (40. Rc8+ $18 Kd6 41. Rd8+ Ke5 42. c4) 40... Rg2 $2 (40... Kd6 $16) 41. Rf4 (41. Rd4 $142) 41... Kd6 $18 42. Kd4 $1 Bc6 43. b4 Rd2 (43... Ba4 $16) 44. Ke3 Rg2 (44... Rd1 $142 45. b5 Ba8) 45. b5 Bb7 46. Kd4 Rg1 (46... Re2 $142 47. c4 Re5) 47. c4 Rc1 48. Rh4 Ba8 49. Rh2 Bb7 50. Bc2 Rg1 {[%emt 0:00:56] ...Rg2 is the strong threat.} 51. c5+ Kc7 52. Rf2 ({Much less strong is} 52. b6+ $6 Kd7 $16) 52... Rg4+ (52... Rg2 {was necessary.} 53. Ke3 Bd5) 53. Ke3 Bd5 54. Rd2 f2 $2 (54... Bb7 {keeps fighting.} 55. c6 Bc8 56. Kxf3 Rc4) 55. Kxf2 (55. Rxd5 {gets mated.} f1=Q 56. b6+ Kc6 57. Rd6+ Kxc5 58. Bd1 Qe1+ 59. Kd3 Qxd1+ 60. Ke3 Rg3+ 61. Kf2 Rf3+ 62. Kg2 Qf1+ 63. Kh2 Rh3#) 55... Be4 56. Bxe4 Rxe4 {[%emt 0:00:02] KR-KR} 57. Rd5 {[%emt 0:00:35] And now c6 would win.} Rb4 58. c6 {[%emt 0:00:18] Strongly threatening Rd7+.} Kb6 59. Kf3 Rc4 60. Ke3 Rb4 61. Kf3 Rc4 $1 62. Kg3 Rb4 63. Rd6 Rxb5 64. Rxf6 (64. Kg4 $142 Re5 65. Rxf6) 64... Rb4 65. Rxf7 {[%emt 0:01:54] Intending Rb7+ and mate.} Kxc6 {[%emt 0:00:02] [#]} 66. Re7 $1 Kd6 67. f6 {[%emt 0:00:51] White mates.} Rc4 {[%emt 0:00:37] [#]} 68. Re8 $1 Rc7 69. Kg4 Rf7 70. Kf5 Kd7 71. Re4 Rf8 72. Rd4+ Kc6 73. Rd1 Kc7 74. Kg6 Rg8+ 75. Kf7 Rg2 76. Kf8 Rf2 77. f7 Rg2 78. Rd4 Kc6 79. Ke7 Re2+ 80. Kf6 Rf2+ 81. Ke6 Rf1 82. Rd8 Re1+ 83. Kf6 Rf1+ 84. Kg6 Rg1+ 85. Kh5 {Weighted Error Value: White=0.16 (very precise) /Black=0.33} 1-0

[Event "Polish Youth B18 Championship 2023"]
[Site "Jastrzebia Gora"]
[Date "2023.03.12"]
[Round "1.7"]
[White "Taranowicz, Michal"]
[Black "Paprocki, Antoni"]
[Result "1-0"]
[ECO "C29"]
[WhiteElo "1900"]
[BlackElo "2255"]
[Annotator "TA"]
[PlyCount "95"]
[EventDate "2023.03.11"]
[EventType "swiss"]
[EventCountry "POL"]
[SourceTitle "playchess.com"]
[Source "ChessBase"]
[SourceQuality "1"]
[TimeControl "40/5400+30:1800+30"]

1. e4 e5 2. Nc3 Nf6 3. f4 d5 4. fxe5 Nxe4 5. Qf3 f5 6. d3 Nxc3 7. bxc3 d4 $1 8. Qg3 {[%emt 0:00:04] C29: Vienna Game: 2...Nf6 3 f4.} Nc6 9. Be2 $1 Be6 (9... dxc3 10. Bh5+ Kd7 11. Bf7 $16) 10. Bf3 {[%emt 0:00:48] The position is equal. 10.c4 deserves study.} Qd7 (10... dxc3 11. Bxc6+ bxc6 12. Ne2 $11) 11. Ne2 dxc3 12. O-O {[%emt 0:02:13] [#]} O-O-O $146 (12... Bc5+ 13. Kh1 $11) ({Predecessor:} 12... Bc5+ 13. Kh1 O-O 14. Bf4 Nd4 15. Nxd4 Bxd4 16. a4 c6 17. h4 Rae8 18. Rab1 Rf7 {0-1 Seul,G (2372)-Shahade,G (2476) Titled Tuesday intern op 19th Jan blitz 2021 (7)}) 13. Be3 {[%emt 0:08:33] Repels Nd4} (13. Nxc3 $2 Qd4+ 14. Kh1 Qxc3 $19) 13... Nb4 14. Rfb1 (14. Nxc3 $11 Nxc2 15. Rab1) 14... c6 {[%emt 0:06:30] [#]} ({Better is} 14... b6 $15 15. Rc1 (15. Nxc3 $2 Nxc2 16. Nb5 Kb8 $19) 15... Be7) 15. Rxb4 Bxb4 $17 16. Rb1 a5 (16... Bxa2 $2 17. Rxb4 g5 18. Bxg5 $18) ({Black should play} 16... Qe7 $17 {White must now prevent ...Bc5.} 17. Bxa7 Bc5+ 18. Bxc5 {[%mdl 64] Remove Defender} Qxc5+ 19. d4 Rxd4 20. Nxd4 Qxd4+ 21. Kh1 Rg8) 17. a3 $1 $15 {[%emt 0:04:30][%mdl 64] Deflection} Bxa3 {[%emt 0:02:20] aiming for ...Bb4.} 18. Nxc3 Bb4 (18... Qe7 $1 $17 {Strongly threatening ...Bb4.} 19. Na4 g6) 19. Na4 $36 {[%emt 0:00:33][%mdl 2048] White is pushing.} Kb8 (19... Qe7 $11 {keeps the balance.} 20. Bb6 g5) 20. Bb6 {[%emt 0:05:01] White is more active.} ({White has to play} 20. Qf2 $1 $16 b5 21. Bc5) 20... c5 {[%emt 0:09:44][%mdl 64] Decoy} 21. Nxc5 Qd4+ (21... Qb5 $11 22. Qf2 (22. Nxe6 $2 Qxb6+ 23. d4 Qxe6 $19) (22. Bc7+ Ka7 $17) 22... Bc8) 22. Qf2 $2 (22. Kf1 $18 Bxc5 23. Bxc5 Qxc5 24. Qxg7) 22... Qxf2+ 23. Kxf2 Bd5 24. Be2 {[%emt 0:08:27][%cal Oc5a6] [#] And now Na6+! would win.} Bc6 {[%emt 0:08:10] [#]} 25. Na6+ $1 $16 bxa6 26. Bxa5 Rd7 {[%emt 0:09:30] White stays focused until the end.} (26... Kc8 $1 $14 27. Bxb4 a5 28. Bxa5 Rd5) 27. Bxb4 Rb7 (27... Kc8 $16 {was called for.}) 28. d4 $18 {[%emt 0:01:47][%mdl 1024] White has strong compensation.} a5 (28... Rd8 {is a better defense.}) 29. Bd6+ {[%emt 0:00:16] A strong pair of Bishops.} Ka7 30. Ra1 Rb2 31. d5 ({Not} 31. Rxa5+ Kb6 32. Rc5 Be4 $16) 31... Bb5 $2 (31... Bb7 32. Bd3 (32. Rxa5+ Kb6 $18) 32... a4) 32. Rxa5+ Kb6 {[%emt 0:00:04] [#]} 33. Rxb5+ $1 Rxb5 34. Bxb5 Kxb5 {[%emt 0:00:04][%mdl 4096] Endgame KR-KB} 35. Be7 Rc8 36. e6 {[%emt 0:01:09] Hoping for d6.} Rxc2+ 37. Kf3 {[%emt 0:00:05] Threatens to win with d6.} Rd2 38. d6 {[%emt 0:00:07] White mates.} Kc6 39. d7 Kc7 40. Kf4 ({Weaker is} 40. d8=B+ Kc6 41. h4 Rd4 $16) 40... Rd5 41. d8=Q+ ({Less strong is} 41. d8=B+ Kc6 42. g3 Rd2 $16) 41... Rxd8 42. Bxd8+ Kxd8 43. Kxf5 {[%emt 0:00:03] K3P-KPP} Ke7 44. Ke5 Ke8 45. Kd6 Kd8 46. h4 h5 47. e7+ Ke8 48. Ke6 {[%emt 0:00:06] Weighted Error Value: White=0.33/Black=0.52} 1-0